 Dungeon Sprint DCSS version 0.18.1-50-g88ac8fd (webtiles) character file.

984 Kagutsuchi the Fighter (level 7, -10/74 HPs)
             Began as a Mottled Draconian Berserker on Oct 24, 2016.
             Was a Priest of Trog.
             Mangled by a skeletal warrior
             ... wielding a +0 battleaxe
              (21 damage)
             ... in the Dungeon (Sprint II: "The Violet Keep of Menkaure").
             The game lasted 00:03:20 (789 turns).

Kagutsuchi the Fighter (Mottled Draconian Berserker) Turns: 789, Time: 00:03:22

Health: -10/74     AC:  0    Str: 17      XL:     7   Next: 97%
Magic:  6/6        EV: 20    Int:  7 (8)  God:    Trog [***...]
Gold:   509        SH:  0    Dex: 12      Spells: 0 memorised, 6 levels left

rFire  . . .     SeeInvis .     (weapon currently unavailable)
rCold  . . .     Gourm    .     (armour unavailable)
rNeg   . . .     Faith    .     (shield currently unavailable)
rPois  .         Spirit   .     (helmet currently unavailable)
rElec  .         Dismiss  .     (cloak currently unavailable)
rCorr  .         Reflect  .     (gloves currently unavailable)
SustAt .         Harm     .     (boots currently unavailable)
MR     ++...     NoTele   +     (no amulet)
Stlth  +.........               (ring currently unavailable)
                                (ring currently unavailable)

@: pig-form, regenerating, very quick, very resistant to hostile enchantments,
very unstealthy
A: (breathe sticky flame splash), unfitting armour, deterioration 1, low mp 1,
(shaggy fur 0), weak 1, (cold-blooded), AC +6
a: Berserk, Trog's Hand, Burn Spellbooks, Renounce Religion


You were in the Dungeon.
You worshipped Trog.
Trog was most pleased with you.
You were not hungry.
You were a filthy swine.
You visited 1 branch You collected 729 gold pieces.
You spent 220 gold pieces at shops.

Inventory:

Hand Weapons
 a - a +0 falchion (melded)
Scrolls
 h - a scroll of blinking
Potions
 c - 4 potions of curing
 d - a potion of heal wounds
 f - 2 potions of magic
 g - a potion of berserk rage


   Skills:
 + Level 11.1 Fighting
 + Level 10.1 Long Blades
 + Level 10.1 Dodging
 + Level 1.5 Stealth


You had 6 spell levels left.
You didn't know any spells.

Dungeon Overview and Level Annotations

Branches:
Dungeon (1/1)

Altars:
Trog
Xom

Shops:
D :?:=%[=!(!}[?(!?

Annotations:
D exclusion: oklob plant, Kirke


Innate Abilities, Weirdness & Mutations

((You can spit globs of burning liquid.))
((You can ignite nearby creatures when you spit burning liquid.))
((Your weird mottled scales are hard (AC +6).))
Your body does not fit into most forms of armour.
((You are cold-blooded and may be slowed by cold attacks.))
Your body sometimes deteriorates upon taking damage.
Your magical capacity is low (-10% MP).
((You are covered in fur (AC +1).))
You are weak. (Str -2)


Message History

You turn into a filthy swine.
Your +0 falchion melds into your body.
The skeletal warrior hits you with a battleaxe!
* * * LOW HITPOINT WARNING * * *
The ufetubus barely misses you. The ufetubus completely misses you.
The kobold demonologist gestures wildly while chanting.
You barely miss the kobold demonologist.
The kobold demonologist is lightly wounded.
The ufetubus barely misses you. The ufetubus completely misses you.
Kirke completely misses you.
The kobold demonologist hits you with a dagger.
* * * LOW HITPOINT WARNING * * *
You can't do that in your present form.
You can't do that in your present form.
Your skin crawls.
You feel resistant to hostile enchantments.
You feel slightly more hungry.
The ufetubus splashes around in the water.
The ufetubus closely misses you.
The skeletal warrior hits you with a battleaxe!!
You die...

####+#### ##§§§§§§≈##
##§§§§§≈≈≈§## ## +≈≈§≈§8§§§§§#
...####≈§§≈≈≈§§§ Hc5Y## ≈§§§§
############H@#+++#+++##
###########≈cKh........#
##.....∩.∩#≈4z5.##'##..#
##....∩.∩.#≈≈≈≈##...##.####
##...∩.∩..#≈≈≈≈#..##.#....#
##..∩.∩...#≈≈######.####..##
##.⌠.∩....#≈##.###'###.##..#
##..∩.∩...#≈#...##.####.#..#
##...∩.∩..'≈'.##'.<§'.##'..###
##....∩.∩.#≈#...##.##...#....##


You could see Kirke, a yaktaur captain, an elephant, 2 griffons, a skeletal
warrior, a centaur warrior, an orange demon, a kobold demonologist and 2
ufetubi.

Vanquished Creatures
  4 neqoxecs (D)
  Menkaure (D)
  4 necrophages (D)
  A crocodile (D)
  3 worms (D)
13 creatures vanquished.

Notes
Turn   | Place    | Note
--------------------------------------------------------------
     0 | D        | Kagutsuchi the Draconian Berserker began the quest for the Orb.
     0 | D        | Reached XP level 1. HP: 19/19 MP: 1/1
     1 | D        | Noticed a necrophage
     1 | D        | Noticed a necrophage
     1 | D        | Noticed a necrophage
     1 | D        | Noticed a necrophage
    10 | D        | Killed a necrophage
    10 | D        | Reached skill level 6 in Fighting
    10 | D        | Reached skill level 5 in Long Blades
    10 | D        | Reached skill level 5 in Dodging
    10 | D        | Reached XP level 2. HP: 29/29 MP: 2/2
    10 | D        | Reached XP level 3. HP: 36/36 MP: 3/3
    10 | D        | Reached XP level 4. HP: 43/43 MP: 4/4
    12 | D        | Killed a necrophage
    12 | D        | Reached skill level 7 in Fighting
    12 | D        | Reached XP level 5. HP: 51/51 MP: 5/5
    29 | D        | Killed a necrophage
    29 | D        | Reached skill level 8 in Fighting
    49 | D        | Killed a necrophage
    49 | D        | Reached skill level 9 in Fighting
    49 | D        | Reached XP level 6. HP: 11/61 MP: 6/6
   320 | D        | Reached ** piety under Trog
   331 | D        | Found a bloodstained altar of Trog.
   331 | D        | Found a shimmering altar of Xom.
   345 | D        | Noticed Menkaure
   347 | D        | Noticed an obsidian statue
   357 | D        | Killed Menkaure
   359 | D        | Found Bajybb's Magic Scroll Shoppe.
   360 | D        | Found Ipi Uhoh's Weapon Shoppe.
   361 | D        | Found Noewk's Gadget Emporium.
   361 | D        | Found Satuotij's Antique Armour Shoppe.
   361 | D        | Found Cimas's Magic Scroll Shoppe.
   362 | D        | Found Fayst's Jewellery Emporium.
   362 | D        | Found Tahael's Distillery.
   362 | D        | Found Qexkavyz's Antique Weapon Emporium.
   363 | D        | Found Exzuve's Jewellery Emporium.
   363 | D        | Found Nicsarru's Food Shoppe.
   363 | D        | Found Esampewk's Antique Armour Emporium.
   364 | D        | Found Celavas's Magic Scroll Emporium.
   364 | D        | Found Sucleclu's Book Shoppe.
   365 | D        | Found Wieth's Distillery.
   365 | D        | Found Effaint's Distillery.
   367 | D        | Noticed a soldier ant
   368 | D        | Noticed a soldier ant
   674 | D        | Noticed a soldier ant
   674 | D        | Noticed an oklob plant
   675 | D        | Found Ijiomyd's Book Shoppe.
   676 | D        | Noticed a hell hog
   677 | D        | Noticed a hell hog
   682 | D        | Bought 2 potions of curing for 78 gold pieces
   682 | D        | Bought a potion of mutation for 32 gold pieces
   686 | D        | Gained mutation: Your magical capacity is low (-10% MP). [potion of mutation]
   686 | D        | Gained mutation: You are covered in fur (AC +1). [potion of mutation]
   686 | D        | Gained mutation: Your body sometimes deteriorates upon taking damage. [potion of mutation]
   687 | D        | Bought a potion of curing for 30 gold pieces
   687 | D        | Bought a potion of heal wounds for 50 gold pieces
   687 | D        | Bought a potion of curing for 30 gold pieces
   712 | D        | Noticed a neqoxec
   713 | D        | Noticed a neqoxec
   718 | D        | Killed a neqoxec
   718 | D        | Reached skill level 10 in Fighting
   718 | D        | Reached skill level 1 in Stealth
   718 | D        | Your scales start taking on a weird mottled colour.
   718 | D        | Reached XP level 7. HP: 72/72 MP: 6/6
   725 | D        | Killed a neqoxec
   725 | D        | Reached *** piety under Trog
   727 | D        | Noticed a neqoxec
   739 | D        | Killed a neqoxec
   740 | D        | Noticed a neqoxec
   745 | D        | Gained mutation: You are weak. (Str -2) [a neqoxec]
   751 | D        | Killed a neqoxec
   751 | D        | Reached skill level 11 in Fighting
   751 | D        | Reached skill level 10 in Long Blades
   751 | D        | Reached skill level 10 in Dodging
   772 | D        | Noticed Kirke
   772 | D        | Noticed a skeletal warrior
   772 | D        | Noticed a kobold demonologist
   773 | D        | Noticed a yaktaur captain
   774 | D        | Noticed an elephant
   774 | D        | Noticed a centaur warrior
   778 | D        | Noticed a griffon
   786 | D        | Noticed a griffon
   788 | D        | Noticed an orange demon
   789 | D        | Mangled by a skeletal warrior

Skill      XL: |  1  2  3  4  5  6  7 |
---------------+----------------------+-----
Fighting       | 6 7 9 10 11 | 11.1
Long Blades    | 5 6 8 9 10 | 10.1
Dodging        | 5 6 7 9 10 | 10.1
Stealth        | 1 |  1.5

Action                   |  1- 3 |  4- 6 |  7- 9 || total
-------------------------+-------+-------+-------++-------
Melee: Falchion          |     8 |    66 |    41 ||   115
       Tailslap          |     1 |     9 |     4 ||    14
       Unarmed           |       |       |     1 ||     1
Invok: Berserk           |     1 |     2 |       ||     3
       Trog's Hand       |       |       |     1 ||     1
  Use: Potion            |       |     4 |       ||     4
  Eat: Bread ration      |       |     1 |       ||     1
Armor: Skin              |     1 |    11 |     5 ||    17
Dodge: Dodged            |     3 |    31 |    22 ||    56
